 Dungeon Crawl Stone Soup version 0.19-a0-981-gaae9137 (webtiles) character file.

906 ololoev the Grave Robber (level 7, 0/61 HPs)
             Began as a Deep Dwarf Necromancer on July 14, 2016.
             Slain by a wyvern (11 damage)
             ... on level 5 of the Dungeon.
             The game lasted 00:12:46 (4399 turns).

ololoev the Grave Robber (Deep Dwarf Necromancer)   Turns: 4399, Time: 00:12:47

Health: 0/61       AC:  7    Str: 14    XL:     7   Next: 81%
Magic:  1/10       EV: 12    Int: 15    God:
Gold:   164        SH:  0    Dex: 11    Spells: 3 memorised, 5 levels left

rFire  . . .     SeeInvis .     a - +3 hand axe (venom)
rCold  . . .     Gourm    .     n - +0 ring mail
rNeg   . . .     Faith    .     (no shield)
rPois  .         Spirit   .     (no helmet)
rElec  .         Dismiss  .     w - +0 cloak
rCorr  .         Reflect  .     (no gloves)
SustAt .         Harm     .     (no boots)
MR     ++...                    o - amulet of rage
Stlth  +.........               h - -2 ring of dexterity
                                B - ring of protection from magic

@: very slightly contaminated, non-regenerating, very resistant to hostile
enchantments, very unstealthy
A: damage resistance, recharge devices, sense surroundings 1, slow regeneration
3
a: Device Recharging, Evoke Berserk Rage


Innate Abilities, Weirdness & Mutations

You are resistant to damage.
You can recharge devices by infusing magical energy.
You passively map a small area around you.
You do not regenerate naturally.

Inventory:

Hand Weapons
 a - a +3 hand axe of venom (weapon)
Armour
 n - a +0 ring mail (worn)
 t - a +0 chain mail
 w - a +0 cloak (worn)
Jewellery
 h - a -2 ring of dexterity (right hand)
 o - an amulet of rage (around neck)
 B - a ring of protection from magic (left hand)
Wands
 c - a wand of heal wounds (1/9)
Scrolls
 e - a scroll of enchant weapon
 j - a scroll of identify
 k - a scroll of blinking
 l - a scroll of teleportation
 m - a scroll of immolation
 x - a scroll of amnesia
 y - a scroll of fog {unknown}
Potions
 f - 3 potions of curing
 g - 2 potions of ambrosia {unknown}
 i - a potion of heal wounds {unknown}
 r - 2 potions of agility {unknown}
 s - 3 potions of berserk rage {unknown}
 u - 2 potions of lignification {unknown}
 v - a potion of haste {unknown}
 A - 2 potions of brilliance {unknown}
Books
 b - a book of Necromancy

   Spells                             Type                      Level
   a - Pain                           Necromancy                   1
   b - Animate Skeleton               Necromancy                   1
   c - Vampiric Draining              Necromancy                   3
   d - Regeneration                   Charms/Necromancy            3
   e - Animate Dead                   Necromancy                   4
   f - Control Undead                 Necromancy                   4
Comestibles
 d - 3 bread rations
 p - 2 beef jerkies
 q - 4 meat rations
 z - a royal jelly
 D - 3 chunks of flesh


   Skills:
 + Level 2.9 Fighting
 * Level 4.6 Axes
 + Level 3.9 Armour
 + Level 4.9 Dodging
 - Level 2.4 Stealth
 - Level 2.4 Spellcasting
 - Level 5.2 Necromancy
 - Level 2.5 Evocations


You had 5 spell levels left.
You knew the following spells:

 Your Spells              Type           Power        Failure   Level  Hunger
a - Pain                  Necr           ###.         6%          1    #......
b - Animate Skeleton      Necr           N/A          6%          1    #......
c - Vampiric Draining     Necr           ###.......   17%         3    ###....


You were on level 5 of the Dungeon.
You were not hungry.

You visited 1 branch of the dungeon, and saw 5 of its levels.

You collected 164 gold pieces.

* , *#.# *
* , , #.# *
#.## , * *
... #.. *
** #.#* ,
,#l#
,#@########
, ,
#........#
*,*
########.#
* #.# * #.#
#.# * , #.#
, , , , ###
#.# ,* ##.#
#.#

Notes
Turn   | Place    | Note
-------+----------+-------------------------------------------
     0 | D:1      | ololoev the Deep Dwarf Necromancer began the quest for the Orb.
     0 | D:1      | Reached XP level 1. HP: 15/15 MP: 3/3
     2 | D:1      | Learned a level 1 spell: Animate Skeleton
    94 | D:1      | Reached XP level 2. HP: 22/22 MP: 0/5
   593 | D:1      | Reached skill level 1 in Armour
   648 | D:1      | Reached XP level 3. HP: 25/30 MP: 3/6
   919 | D:2      | Learned a level 3 spell: Vampiric Draining
  1120 | D:2      | Found a faded altar of an unknown god.
  1142 | D:2      | Found a radiant altar of Vehumet.
  1200 | D:2      | Reached skill level 1 in Evocations
  1344 | D:2      | Noticed Jessica
  1349 | D:2      | Killed Jessica
  1349 | D:2      | Reached XP level 4. HP: 20/37 MP: 1/7
  1776 | D:2      | Found a burning altar of Makhleb.
  1783 | D:2      | Reached skill level 5 in Necromancy
  1871 | D:2      | Reached skill level 1 in Fighting
  1972 | D:2      | Reached XP level 5. HP: 39/44 MP: 1/8
  2077 | D:2      | Found an ancient bone altar of Kikubaaqudgha.
  2590 | D:3      | Found a blossoming altar of Fedhas.
  3313 | D:4      | Reached skill level 1 in Axes
  3313 | D:4      | Reached XP level 6. HP: 36/52 MP: 9/9
  3383 | D:4      | Found a glowing golden altar of the Shining One.
  3388 | D:4      | Found a basalt altar of Yredelemnul.
  4025 | D:4      | Noticed an angel
  4038 | D:5      | Entered Level 5 of the Dungeon
  4175 | D:5      | Reached XP level 7. HP: 28/60 MP: 2/10
  4207 | D:5      | HP: 2/61 [gnoll/spear (10)]
  4284 | D:5      | Found a shadowy altar of Dithmenos.
  4394 | D:5      | Noticed a wyvern
  4399 | D:5      | Slain by a wyvern

Dungeon Overview and Level Annotations

Branches:
Dungeon (5/15)
 Temple: D:4-7

Altars:
Dithmenos
Fedhas
Kikubaaqudgha
Makhleb
Vehumet
Yredelemnul
The Shining One


Message History

The necrophage is almost destroyed.
The necrophage hits you but does no damage.
You slash the necrophage!
You destroy the necrophage!
You feel better.
A centaur comes into view.
The centaur shouts!
The centaur wields a shortbow.
The centaur shoots an arrow.
The arrow barely misses you.
You see here an arrow.
The centaur shoots an arrow.
The arrow hits you but does no damage.
The centaur shoots an arrow.
The arrow hits you but does no damage.
You see here 2 arrows.
The centaur shoots an arrow.
The arrow closely misses you.
Found a scroll labeled JIAMICL OSAXKAKONG.
The centaur shoots an arrow.
The arrow hits you.
The centaur shoots an arrow.
The arrow hits you.
The centaur shoots an arrow.
The arrow misses you.
Found 20 gold pieces.
You see here an arrow.
The centaur shoots an arrow.
The arrow closely misses you.
The centaur unwields an uncursed shortbow.
The centaur barely misses you.
You slash the centaur!
The centaur is poisoned.
The centaur is moderately wounded.
The centaur hits you. x2
Some of the chunks of flesh in your inventory have rotted away.
You hit the centaur but do no damage.
The centaur looks as sick as possible!
The centaur is moderately wounded.
The centaur barely misses you.
Casting: Vampiric Draining
Confirm with . or Enter, or press ? or * to list all spells.
Aiming: Vampiric Draining
Press: ? - help, Shift-Dir - straight line, f - centaur
Aim: a centaur (heavily wounded, poisoned)
The centaur is severely wounded.
You feel life coursing into your body. The centaur hits you!
The centaur closely misses you.
Casting: Vampiric Draining
Confirm with . or Enter, or press ? or * to list all spells.
Aiming: Vampiric Draining
Press: ? - help, Shift-Dir - straight line, f/p - centaur
Aim: a centaur (severely wounded, poisoned)
You kill the centaur!
You feel life coursing into your body.
You are feeling hungry.
y - a scroll labeled JIAMICL OSAXKAKONG You see here an arrow.
Eat one of 4 chunks of flesh? (ye/n/q)
You start eating one of the 4 chunks of flesh.
You continue eating. x2
You finish eating.
This raw flesh tastes terrible.
You hear the rusting of a distant drain.
A wyvern comes into view.
Casting: Vampiric Draining
Confirm with . or Enter, or press ? or * to list all spells.
Aiming: Pain
Press: ? - help, Shift-Dir - straight line, f - wyvern
Aim: a wyvern (resting, chance to defeat MR: 76%)
The wyvern hisses angrily.
The wyvern convulses in agony!
Casting: Pain
Confirm with . or Enter, or press ? or * to list all spells.
Aiming: Pain
Press: ? - help, Shift-Dir - straight line, f/p - wyvern
Aim: a wyvern (lightly wounded, chance to defeat MR: 76%)
The wyvern convulses in agony!
The wyvern bites you! The wyvern closely misses you.
Casting: Pain
Confirm with . or Enter, or press ? or * to list all spells.
Aiming: Vampiric Draining
Press: ? - help, Shift-Dir - straight line, f/p - wyvern
Aim: a wyvern (lightly wounded)
You miscast Vampiric Draining.
You are very lightly contaminated with residual magic.
You feel very uncomfortable. The wyvern misses you.
You closely miss the wyvern.
The wyvern is lightly wounded.
The wyvern bites you. The wyvern bites you!
You die...

You could see a wyvern.

Vanquished Creatures
  A necrophage (D:5)
  An ogre (D:5)
  2 centaurs (D:5)
  A vampire bat (D:2)
  A howler monkey (D:5)
  A hound (D:2)
  A centaur skeleton (D:5)
  An orc priest (D:5)
  A jelly (D:5)
  Jessica (D:2)
  An iguana (D:5)
  3 worker ants
  2 orc wizards (D:5)
  A howler monkey zombie (D:5)
  4 gnolls
  6 adders
  An adder skeleton (D:4)
  2 worms
  A dart slug (D:1)
  9 orcs
  A ball python (D:2)
  6 bats
  3 bat skeletons (D:2)
  3 bat zombies (D:2)
  A giant cockroach (D:5)
  12 goblins
  10 hobgoblins
  9 kobolds
  4 quokkas
  4 giant newts
  6 rats
100 creatures vanquished.

Vanquished Creatures (collateral kills)
  An adder (D:2)
1 creature vanquished.

Grand Total: 101 creatures vanquished

Action                   |  1- 3 |  4- 6 |  7- 9 || total
-------------------------+-------+-------+-------++-------
Melee: Short sword       |    11 |    55 |       ||    66
       Hand axe          |       |   117 |    38 ||   155
 Cast: Pain              |    53 |    16 |    13 ||    82
       Vampiric Draining |     4 |    26 |     3 ||    33
       Animate Skeleton  |     1 |     2 |       ||     3
Evoke: Wand              |       |       |     4 ||     4
  Use: Scroll            |       |     4 |     4 ||     8
       Potion            |       |       |     1 ||     1
 Stab: Sleeping          |       |     1 |       ||     1
  Eat: Chunk             |     3 |    13 |     2 ||    18
Armor: Robe              |     3 |    36 |       ||    39
       Ring mail         |       |    50 |    14 ||    64
Dodge: Dodged            |    15 |   210 |    40 ||   265

Vault maps used:
D:1:      dpeg_arrival_long_road, minmay_tetromino_l2
D:2:      kennysheep_vampire_church, nicolae_overflow_crystal_walls,
          first_bread, ecumenical_altar_2, makhleb_heckhound_becter,
          uniq_jessica
D:3:      lemuel_coloured_pillars_altar, grunt_ministairs_13
D:4:      grunt_temple_overflow_holy_war
D:5:      basic_altar, gup_sewer_entry_glass
